[Event "ICC tourney 2217 (45 10)"]
[Site "Internet Chess Club"]
[Date "2020.12.19"]
[Round "5"]
[White "wildrumpus"]
[Black "AbnormalPlot"]
[Result "0-1"]
[ICCResult "White resigns"]
[WhiteElo "1535"]
[BlackElo "1616"]
[Opening "Queen's pawn: English defense"]
[ECO "A40"]
[NIC "QO.17"]
[Time "20:01:28"]
[PlyCount "152"]
[TimeControl "2700+10"]

1. d4 b6 2. f4 Nf6 3. e3 Bb7 4. Nf3 e6 5. Bd3 c5 6. c3 Na6 7. Nbd2 Nd5 8.
Qe2 Nac7 9. O-O b5 10. Ne5 c4 11. Bc2 d6 12. Nef3 Be7 13. Ng5 Bxg5 14. fxg5
O-O 15. Bxh7+ Kxh7 16. Qh5+ Kg8 17. Rf3 Nf6 18. gxf6 Bxf3 19. Nxf3 Qxf6 20.
e4 Qg6 21. Qh4 f6 22. Be3 Kf7 23. Rf1 Rh8 24. Qf4 Ke7 25. Bf2 Raf8 26. Qe3
Qh6 27. Qe2 f5 28. d5 fxe4 29. Bh4+ Ke8 30. Qxe4 Rf4 31. Qe3 Rxh4 32. Qxa7
Nxd5 33. Nxh4 Qe3+ 34. Qxe3 Nxe3 35. Re1 Rxh4 36. Rxe3 Ke7 37. h3 Rf4 38.
g3 Rf5 39. Kg2 Rd5 40. Re2 Rd1 41. Kf3 Kf6 42. Kg4 Rf1 43. h4 e5 44. Rd2
Ke6 45. Kg5 e4 46. Kg6 Rg1 47. Kxg7 Rxg3+ 48. Kh6 Ke5 49. Rf2 e3 50. Rf8
Ke4 51. Re8+ Kd3 52. Rd8 e2 53. Rxd6+ Kc2 54. Re6 Kd2 55. Rd6+ Rd3 56. Re6
e1=Q 57. Rxe1 Kxe1 58. Kg6 Rh3 59. h5 Kd2 60. h6 Kc2 61. b3 cxb3 62. axb3
Kxb3 63. h7 Kxc3 64. Kg7 b4 65. h8=Q Rxh8 66. Kxh8 b3 67. Kg7 b2 68. Kf6
b1=Q 69. Ke5 Qe1+ 70. Kd5 Qe3 71. Kd6 Kd4 72. Kc6 Qe5 73. Kb6 Qc5+ 74. Kb7
Kd5 75. Ka6 Qb4 76. Ka7 Kc6 { White resigns } 0-1

[Event "ICC tourney 2217 (45 10)"]
[Site "Internet Chess Club"]
[Date "2020.12.19"]
[Round "5"]
[White "handsomematch"]
[Black "dangdang2000"]
[Result "1-0"]
[ICCResult "Black checkmated"]
[WhiteElo "1226"]
[BlackElo "1326"]
[Opening "Ruy Lopez: Berlin defense, open variation"]
[ECO "C67"]
[NIC "RL.07"]
[Time "20:00:52"]
[PlyCount "189"]
[TimeControl "2700+10"]

1. e4 e5 2. Nf3 Nc6 3. Bb5 Nf6 4. O-O Nxe4 5. Re1 Nd6 6. Bxc6 dxc6 7. Nxe5
Be7 8. d4 Be6 9. c3 O-O 10. Bf4 Re8 11. Nd2 Bf6 12. Ndf3 Qe7 13. Qd2 Rad8
14. Bg5 Bxg5 15. Nxg5 h6 16. Nxe6 fxe6 17. Re2 Qf6 18. Rae1 Re7 19. Qc2 Nf5
20. Qb3 Nd6 21. Ng4 Qf5 22. Rxe6 Rf7 23. f3 Kh7 24. R6e5 Qf4 25. Qc2+ Nf5
26. Ne3 g6 27. Nxf5 Rxf5 28. Rxf5 gxf5 29. Qe2 Rd7 30. Qe6 Rg7 31. Qe5 Qg5
32. g3 h5 33. f4 Qg4 34. Qe2 Qg6 35. Kg2 h4 36. Qf3 Kh6 37. Rh1 Re7 38. Kf2
h3 39. Re1 Rxe1 40. Kxe1 Qe6+ 41. Qe2 Qxa2 42. Qc2 Qe6+ 43. Kf2 b5 44. Qb1
a5 45. Qf1 Qb3 46. Qe2 Qd5 47. Qf1 Qb3 48. Qe2 a4 49. Qd2 Qd5 50. Kg1 Qb3
51. Qf2 Qd1+ 52. Qf1 Qg4 53. Kf2 Kg6 54. Qh1 Kh5 55. Qxc6 Qg8 56. Qxb5 Qe6
57. Qxa4 Qe4 58. Qd7 Qg2+ 59. Ke3 Qg1+ 60. Kd3 Qf1+ 61. Kc2 Qg2+ 62. Kb3
Qb7+ 63. Kc4 Qa6+ 64. Kd5 Qa2+ 65. Ke5 Qa5+ 66. d5 c6 67. Qxc6 Qd8 68. Qe6
Qb8+ 69. Kd4 Qa7+ 70. Ke5 Qb8+ 71. d6 Qh8+ 72. Qf6 Qe8+ 73. Qe7 Qh8+ 74.
Ke6 Qh6+ 75. Kd7 Qg6 76. Qg5+ Qxg5 77. fxg5 Kxg5 78. Ke6 f4 79. gxf4+ Kxf4
80. d7 Kf3 81. d8=Q Kg2 82. Qd2+ Kf3 83. Qd3+ Kg2 84. Qxh3+ Kxh3 85. c4
Kxh2 86. c5 Kg3 87. c6 Kg4 88. c7 Kf4 89. c8=Q Kg3 90. Qf8 Kg4 91. Qf5+ Kh4
92. Qg6 Kh3 93. Ke5 Kh2 94. Kf4 Kh3 95. Qg3# { Black checkmated } 1-0

[Event "ICC tourney 2217 (45 10)"]
[Site "Internet Chess Club"]
[Date "2020.12.19"]
[Round "5"]
[White "Mannansh"]
[Black "narayan0811"]
[Result "1-0"]
[ICCResult "Black resigns"]
[WhiteElo "1257"]
[BlackElo "1356"]
[Opening "French: Chigorin variation"]
[ECO "C00"]
[NIC "FR.01"]
[Time "20:00:48"]
[PlyCount "145"]
[TimeControl "2700+10"]

1. e4 e6 2. Qe2 Nc6 3. Nc3 Bc5 4. d3 Nge7 5. Be3 Bxe3 6. Qxe3 O-O 7. O-O-O
d5 8. d4 dxe4 9. Qxe4 Ng6 10. Nf3 Re8 11. Bb5 Bd7 12. d5 exd5 13. Qxd5 Bg4
14. Bxc6 bxc6 15. Qxc6 Qf6 16. Qxf6 gxf6 17. Nd5 Bxf3 18. Nxf6+ Kh8 19.
gxf3 Re6 20. Ne4 Ne5 21. f4 Ng4 22. f3 Ne3 23. Rde1 Ng2 24. Rd1 Rc6 25. Rd7
Ne3 26. c3 f5 27. Ng5 Rb8 28. Rg1 Rg6 29. Rxh7+ Kg8 30. Rxc7 Rd8 31. Re1
Ng2 32. Rd1 Rxd1+ 33. Kxd1 Nxf4 34. h4 Ng2 35. Nh3 Rg3 36. Rc6 Nxh4 37. Nf2
Nxf3 38. Ra6 Rg2 39. Ke2 Ng5 40. Kf1 Rg3 41. Rxa7 f4 42. a4 Nf3 43. a5 Nh2+
44. Ke2 Re3+ 45. Kd1 Nf3 46. Ra8+ Kf7 47. Kc1 Re1+ 48. Nd1 Ne5 49. a6 f3
50. Kd2 Re2+ 51. Kc1 Nd3+ 52. Kb1 Rd2 53. a7 Rxd1+ 54. Kc2 f2 55. Rf8+ Kxf8
56. a8=Q+ Kf7 57. Qf3+ Ke6 58. Qxd1 Ne1+ 59. Kd2 f1=Q 60. Qxe1+ Qxe1+ 61.
Kxe1 Kd5 62. Kd2 Kc5 63. Kd3 Kb5 64. Kd4 Kc6 65. c4 Kd6 66. b4 Kc6 67. c5
Kc7 68. b5 Kb7 69. Kd5 Kc7 70. c6 Kc8 71. Kd6 Kb8 72. b6 Kc8 73. c7 { Black
resigns } 1-0